 BcadrenCrawl: Boulder Brew version 0.05.21-81-gd28e3044bd (webtiles) character file.

Game seed: 2879466202730568302, levelgen mode: deterministic

422 theanonym the Chopper (level 7, 0/55 HPs) Formicid Noble. Began on Sept 5, 2021. Slain by a water moccasin (5 damage) ... on level 2 of the Dungeon. The game lasted 00:04:58 (1311 turns).

theanonym the Chopper (Formicid Noble)              Turns: 1311, Time: 00:04:58

Health: 0/55       AC:  3    Str: 22    XL:     7 ^: 406
Magic:  8/8        EV: 11    Int: 10    God:
Gold:   140        SH:  0    Dex:  8    Spells: 8/8 levels left

rFire    . . .     Vision   +   b - +0 executioner's axe (acid)
rCold    . . .     Gourm    .   c - +0 battleaxe
rNeg     . . .     Faith    .   j - +0 leather armour
rCorr    . . .     Spirit   .   (no helmet)
rPois    .         Reflect  .   (no cloak)
rElec    .         Harm     .   (no gloves)
MR       .....                  (no boots)
Stlth    +.........             d - amulet of regeneration
HPRegen  0.68/turn              (no ring)
MPRegen  0.18/turn              (no ring)

@: lethally poisoned (0 -> -20)
A: antennae, dig shafts and tunnels, permanent stasis, four arms
a: Dig, Shaft Self


Innate Abilities, Weirdness & Mutations

You have a pair of antennae on your head. (+Vis)
You can dig through walls and to a lower floor.
You cannot be hasted, slowed, berserked, paralysed or teleported.
You can wield any weapon or shield with a single pair of your four arms.


   Skills:
 + Level 4.3 Fighting
 * Level 5.5 Axes & Hammers
 - Level 1.2 Stealth
 - Level 1.1 Spellcasting


You had 8 spell levels left.
You didn't know any spells.
Your spell library was empty.

Skill      XL: |  1  2  3  4  5  6 |
---------------+-------------------+-----
Axes & Hammers | 1 2 3 4 5 |  5.5
Fighting       | 2 3 4 |  4.3
Stealth        | |  1.2
Spellcasting   | |  1.1

Action                   |  1- 3 |  4- 6 |  7- 9 || total
-------------------------+-------+-------+-------++-------
Melee: Executioner's axe |    35 |    90 |    15 ||   140
       Battleaxe         |    32 |    75 |    12 ||   119
  Use: Scroll            |       |     1 |       ||     1
  Eat: Chunk             |       |     2 |       ||     2
Armor: Robe              |    32 |    26 |       ||    58
       Leather armour    |       |       |     5 ||     5
Dodge: Dodged            |    61 |   101 |    13 ||   175

Inventory:

Weapons
 b - a +0 executioner's axe of caustic ooze (weapon)
 c - a +0 battleaxe (weapon)
Armour
 j - a +0 leather armour (worn)
Jewellery
 d - an amulet of regeneration (around neck)
Potions
 h - a potion of cancellation
 i - a potion of mutation
Miscellaneous
 g - a lantern of shadows
Comestibles
 e - 5 rations
 f - 3 chunks of flesh


You were on level 2 of the Dungeon.
You were not hungry.

You visited 1 branch of the dungeon, and saw 2 of its levels.
You also visited: Market.

You collected 100 gold pieces.
You spent 960 gold pieces at shops.

Dungeon Overview and Level Annotations

Branches:
Dungeon (2/8)

Altars:
Ashenzari

≈..≈≈≈......≈≈≈≈≈≈≈
≈≈.≈≈≈b≈≈≈≈.≈≈≈.≈≈≈≈≈≈≈≈
≈..≈≈...PP..≈≈≈≈≈≈≈≈≈≈≈≈
.≈≈≈≈≈≈≈≈≈.≈...≈≈≈P≈..≈≈≈≈≈≈≈≈≈≈≈
..≈≈≈≈≈≈≈.?..;.≈≈≈≈P≈b≈≈≈≈≈≈≈≈≈≈≈
≈.≈≈≈≈≈≈≈b≈≈.≈..≈≈≈≈≈.≈≈≈≈≈;≈≈≈≈≈
≈≈≈≈≈≈≈P≈≈≈≈≈≈≈.≈≈≈≈≈÷.≈≈≈≈≈≈≈≈≈≈
P≈≈≈≈;≈≈≈≈≈b≈≈≈..≈≈≈≈≈.≈≈≈≈≈≈≈≈≈≈
P.≈≈≈≈≈≈.≈≈≈≈≈≈S@$$≈≈≈.≈≈.≈≈≈≈≈≈≈
P.......≈.≈≈≈≈≈≈†<$P≈≈.≈........[
#<÷...# #≈≈≈≈≈.≈################
.††.≈.###≈≈≈≈≈≈.## ....≈##
##≈≈≈≈≈..# ....## #≈≈≈≈...≈#
..≈## #≈≈≈≈≈.#≈≈_ ≈###
#≈≈≈≈≈.###.# # #≈≈≈≈≈.≈ .#


You could see a water moccasin and a neutral slimehead (wandering) (passive).

Notes
Turn   | Place    | Note
-------+----------+-------------------------------------------
     0 | Start Ma | theanonym the Formicid Noble began the quest for the Orb.
     0 | Start Ma | Reached XP level 1. HP: 15/15 MP: 2/2
     0 | Start Ma | Found Sohea's Mashing MeleeMart.
     6 | Start Ma | Found Turhaik's Auxillary Armour.
     7 | Start Ma | Bought a +0 executioner's axe for 400 gold pieces
    19 | Start Ma | Found Wiafif's Expert Tomes.
    81 | Start Ma | Bought a +0 battleaxe for 260 gold pieces
    95 | Start Ma | Bought an uncursed amulet of regeneration for 300 gold
                  | pieces
   104 | D:1      | theanonym set off with the following items: a +0 robe, a +0
                  | executioner's axe, a +0 battleaxe, an amulet of
                  | regeneration, a ration
   130 | D:1      | Reached skill level 1 in Axes & Hammers
   135 | D:1      | Reached XP level 2. HP: 21/21 MP: 3/3
   148 | D:1      | Reached skill level 2 in Fighting
   148 | D:1      | Reached skill level 2 in Axes & Hammers
   148 | D:1      | Reached XP level 3. HP: 27/27 MP: 4/4
   158 | D:1      | HP: 13/27 [leopard gecko (3)]
   221 | D:1      | Reached XP level 4. HP: 33/34 MP: 5/5
   545 | D:1      | Reached skill level 3 in Axes & Hammers
   890 | D:2      | Reached skill level 3 in Fighting
   890 | D:2      | Reached XP level 5. HP: 35/41 MP: 6/6
   976 | D:2      | Reached skill level 4 in Axes & Hammers
   988 | D:2      | Found a shattered altar of Ashenzari.
  1033 | D:2      | HP: 16/41 [acid (8)]
  1034 | D:2      | Reached XP level 6. HP: 11/48 MP: 7/7
  1034 | D:2      | HP: 3/48 [acid (7)]
  1127 | D:2      | Reached skill level 4 in Fighting
  1178 | D:2      | Reached skill level 5 in Axes & Hammers
  1183 | D:2      | Reached XP level 7. HP: 36/54 MP: 8/8
  1309 | D:2      | HP: 23/55 [water moccasin (5)]
  1311 | D:2      | HP: 5/55 [water moccasin (9)]
  1311 | D:2      | Slain by a water moccasin

Vanquished Creatures
  2 big kobolds (D:2)
  3 jellies (D:2)
  2 giant cockroaches
  2 adders (D:2)
  4 sewer rats
  5 cinder newts
  2 worms
  An ooze (D:2)
  2 dart slugs (D:1)
  3 leopard geckos (D:1)
  8 bats
  6 goblins (D:1)
  4 hobgoblins (D:1)
  9 kobolds
  4 rats (D:1)
  A withered plant (D:2)
58 creatures vanquished.

Vanquished Creatures (others)
  A bat (D:2)
  A rat (D:2)
  A slimehead (D:2)
  4 toadstools (D:1)
  61 withered plants (D:2)
68 creatures vanquished.

Grand Total: 126 creatures vanquished

Table legend:
 A = Turns spent in this place as a percentage of turns spent in the entire game.
 B = Non-inter-level travel turns spent in this place as a percentage of non-inter-level travel turns spent in the entire game.
 C = Inter-level travel turns spent in this place as a percentage of turns spent in this place.
 D = Turns resting spent in this place as a percentage of non-inter-level travel turns spent in this place.
 E = Turns spent auto-exploring this place as a percentage of non-inter-level travel turns spent in this place.
 F = Non-inter-level travel turns spent in this place divided by the number of levels of this place that you've seen.
                   A       B       C       D       E      F
               +-------+-------+-------+-------+-------+----------------------
         Total | 100.0 | 100.0 |   4.6 |  12.8 |  48.4 | 417.0
       Dungeon |  92.1 |  91.7 |   5.0 |  13.9 |  50.3 | 573.5
        Market |   7.9 |   8.3 |   0.0 |   0.0 |  27.9 | 104.0
               +-------+-------+-------+-------+-------+----------------------
